 Dungeon Crawl Stone Soup version 0.13.0-18-g7b03ea5 (webtiles) character file.

65 saracen the Charmwright (level 3, 29/29 HPs)
             Began as a Hill Orc Skald on Oct 23, 2013.
             Got out of the dungeon alive.
             The game lasted 00:20:14 (2223 turns).

saracen the Charmwright (Hill Orc Skald)            Turns: 2223, Time: 00:20:14

HP  29/29        AC 11     Str 14      XL: 3   Next: 22%
MP   6/6         EV  8     Int 13      God:
Gold 34          SH  6     Dex 10      Spells:  2 memorised,  2 levels left

Res.Fire  : . . .   See Invis. : .   g - +1 mace (protect)
Res.Cold  : . . .   Warding    : .   s - +0 dwarf ring mail
Life Prot.: . . .   Conserve   : .   L - +0 buckler
Res.Poison: .       Res.Corr.  : .   (no helmet)
Res.Elec. : .       Clarity    : .   (no cloak)
Sust.Abil.: . .     Spirit.Shd : .   M - +0 pair of gloves
Res.Mut.  : .       Stasis     : .   (no boots)
Res.Rott. : .       Flight     : .   (no amulet)
Saprovore : + . .                    (no ring)
                                     (no ring)

@: not resistant to hostile enchantments, extremely unstealthy
A: saprovore 1
a: no special abilities


You escaped.
You were not hungry.

You visited 1 branch of the dungeon, and saw 2 of its levels.

You collected 14 gold pieces.

Inventory:

Hand weapons
 a - a +0,+0 orcish falchion
 d - a -1,+1 orcish dagger
 g - a +1,+1 mace of protection (weapon)
 h - a +1,+0 whip
 j - a +0,+1 orcish dagger
 n - a +0,+0 dagger
 v - a +0,+0 dagger
 w - a +1,+1 dwarven short sword
 D - a +0,+2 short sword
 I - a +0,+0 sling
Missiles
 e - 6 silver sling bullets
 m - 26 darts
 u - 18 stones (quivered)
 x - 10 arrows
 y - 11 steel darts
 z - 34 sling bullets
 B - 23 bolts
 K - 18 poisoned needles
Armour
 b - a +0 orcish leather armour
 r - a +0 robe
 s - a +0 dwarven ring mail (worn)
 A - a +0 pair of boots
 C - a +1 ring mail
 E - a +0 robe
 F - a +0 leather armour
 L - a +0 buckler (worn)
 M - a +0 pair of gloves (worn)
Scrolls
 f - a scroll of remove curse {unknown}
 o - a scroll of curse weapon {unknown}
 p - a scroll of noise {unknown}
 H - a scroll of random uselessness {unknown}
Potions
 i - 3 potions of heal wounds {unknown}
 k - a potion of magic {unknown}
 l - 2 potions of might {unknown}
 q - 2 potions of curing {unknown}
 t - a potion of restore abilities {unknown}
 G - a potion of brilliance {unknown}
 J - a potion of flight {unknown}
 N - a potion of speed {unknown}
Books
 c - a book of Battle

   Spells                             Type                      Level
   *Infusion                          Charms                       1
   Shroud of Golubria                 Charms/Translocation         2
   *Song of Slaying                   Charms                       2
   Spectral Weapon                    Hexes/Charms                 3
   Regeneration                       Charms/Necromancy            3
   Song of Shielding                  Charms                       4


   Skills:
 + Level 2.8 Fighting
 + Level 2.4 Long Blades
 + Level 0.4 Maces & Flails
 + Level 1.2 Armour
 + Level 1.0 Dodging
 + Level 1.6 Spellcasting
 + Level 3.2 Charms


You had 2 spell levels left.
You knew the following spells:

 Your Spells              Type           Power        Failure   Level  Hunger
a - Infusion              Chrm           #.....       38%         1    ##.....
b - Song of Slaying       Chrm           #.........   61%         2    ###....


Dungeon Overview and Level Annotations

Branches:
Dungeon (2/27)

Altars:


Innate Abilities, Weirdness & Mutations

You can tolerate rotten meat.


Message History

The kobold throws a dart.
The dart misses you.
Your shield and ring mail prevent you from hitting the kobold.
The kobold hits you but does no damage. The kobold barely misses you.
You sock the kobold!
You kill the kobold!
You now have 34 gold pieces (gained 2).
You see here a kobold corpse.
You see here a kobold corpse.
You see here a club.
There is a stone staircase leading down here.
Unknown command.
You enter the shallow water.
Moving in this stuff is going to be slow.
There is a staircase leading out of the dungeon here.
Are you sure you want to leave the Dungeon?
This will make you lose the game!
Alright, then stay!
Are you sure you want to leave the Dungeon?
This will make you lose the game! [Y]es or [N]o only, please.
Are you sure you want to leave the Dungeon?
This will make you lose the game!
You have escaped!

###############
≈≈≈≈≈≈≈≈≈≈≈≈≈≈≈#
≈≈≈≈≈.....≈≈≈≈≈#
≈≈....≈≈≈....≈≈#
#≈...≈≈≈.≈≈≈...≈#########
#≈..≈≈..@.≈≈≈...........#
#≈...≈≈≈.≈≈≈...≈#######.#
≈≈....≈≈≈....≈≈# #.#
≈≈≈≈≈.....≈≈≈≈≈# #.#
≈≈≈≈≈≈≈≈≈≈≈≈≈≈≈# #..
############### #.. #..
#.. #..


There were no monsters in sight!

Vanquished Creatures
  2 oozes (D:1)
  2 giant cockroaches
  8 hobgoblins
  6 kobolds
  2 bats
  A giant gecko (D:2)
  A giant newt (D:1)
  3 goblins
  4 rats
29 creatures vanquished.

Notes
Turn   | Place    | Note
--------------------------------------------------------------
     0 | D:1      | saracen, the Hill Orc Skald, began the quest for the Orb.
     0 | D:1      | Reached XP level 1. HP: 16/16 MP: 3/3
   185 | D:1      | Reached skill level 3 in Charms
   231 | D:1      | Reached XP level 2. HP: 23/23 MP: 4/4
   440 | D:1      | Learned a level 2 spell: Song of Slaying
  1002 | D:2      | Reached XP level 3. HP: 26/29 MP: 6/6
  1020 | D:2      | Reached skill level 1 in Dodging
  2223 | D:$      | Got out of the dungeon alive.

Action                   || total
-------------------------++-------
Melee: Mace              ||    66
       Falchion          ||     7
 Fire: Sling             ||     5
 Cast: Song of Slaying   ||     1
